 Dungeon Crawl Stone Soup version 0.29.1-15-g9cfb28693d (webtiles) character file.

Game seed: 13904887210097267783

217 386 the Chopper (level 5, 0/46 HPs)
             Began as a Hill Orc Fighter on Mar 21, 2023.
             Slain by Grinder (5 damage)
             ... on level 3 of the Dungeon.
             The game lasted 00:20:13 (2408 turns).

386 the Chopper (Hill Orc Fighter)                  Turns: 2408, Time: 00:20:13

Health: 0/46       AC:  7    Str: 21    XL:     5   Next: 94%
Magic:  5/5        EV:  9    Int:  8    God:
Gold:   105        SH:  4    Dex: 10    Spells: 4/4 levels left

rFire   . . .      SeeInvis .   a - +0 war axe
rCold   . . .      Faith    .   c - +0 buckler
rNeg    . . .      Spirit   .   b - +0 scale mail
rPois   .          Reflect  .   (no helmet)
rElec   .          Harm     .   (no cloak)
rCorr   .          Rampage  .   (no gloves)
Will    .....                   (no boots)
Stlth   ..........              (no amulet)
HPRegen 0.15/turn               (no ring)
MPRegen 0.09/turn               (no ring)

@: no status effects
A: no striking features
a: no special abilities


You were on level 3 of the Dungeon.
You visited 1 branch of the dungeon, and saw 4 of its levels.

You collected 105 gold pieces.

Inventory:

Hand Weapons
 a - a +0 war axe (weapon)
 x - a +2 short sword of electrocution
Missiles
 k - 4 boomerangs (quivered)
 p - 4 poisoned darts
Armour
 b - a +0 scale mail (worn)
 c - a +0 buckler (worn)
 n - a +0 cloak
 w - a +0 chain mail
Jewellery
 t - an amulet of magic regeneration
Wands
 v - a wand of polymorph (11)
Scrolls
 f - 6 scrolls of identify {unknown}
 g - 2 scrolls of poison {unknown}
 h - 2 scrolls of noise {unknown}
 i - 2 scrolls of blinking {unknown}
 m - a scroll of teleportation {unknown}
 r - a scroll of acquirement {unknown}
 s - a scroll of amnesia {unknown}
Potions
 d - a potion of might
 e - a potion of lignification {unknown}
 j - 2 potions of curing {unknown}
 l - a potion of heal wounds
 o - 2 potions of degeneration {unknown}
 q - a potion of cancellation {unknown}
 u - a potion of flight {unknown}


   Skills:
 + Level 4.1 Fighting
 + Level 4.8 Axes
 + Level 0.9 Throwing
 + Level 4.4 Armour
 + Level 0.5 Dodging
 + Level 1.0 Stealth
 + Level 4.2 Shields


You had 4 spell levels left.
You didn't know any spells.
Your spell library contained the following spells:

 Spells                   Type           Power      Damage    Failure   Level
 Conjure Flame            Conj/Fire      0%         6-21      99%         3
 Ignite Poison            Fire/Tmut/Pois 0%         N/A       99%         3
 Sticky Flame             Conj/Fire      0%         2d3       100%        4


Dungeon Overview and Level Annotations

Branches:
Dungeon (4/15)
 Temple: D:4-7

Altars:

Annotations:
D:3 Grinder


Message History

Grinder blinks!
Grinder gestures at you.
You barely resist. Grinder gestures at you.
You barely resist.
Grinder blinks!
Grinder blinks!
Grinder gestures at you.
You barely resist. Grinder gestures at you. You resist with significant effort.
You are too injured to fight recklessly!
Grinder gestures at you.
You barely resist. Grinder hits you.
You writhe in agony.
You closely miss Grinder.
Grinder is severely wounded.
Grinder hits you.
* * * LOW HITPOINT WARNING * * *
You writhe in agony.
* * * LOW HITPOINT WARNING * * *
Grinder blinks!
You see here a viscous brown potion.
o - 2 viscous brown potions (gained 1) Grinder hits you.
* * * LOW HITPOINT WARNING * * *
You writhe in agony.
* * * LOW HITPOINT WARNING * * *
You hit Grinder but do no damage.
Grinder is severely wounded.
Grinder gestures at you. You resist with significant effort.
You hit Grinder but do no damage.
Grinder is severely wounded.
Grinder gestures at you. You resist with significant effort.
You hit Grinder but do no damage.
Grinder is severely wounded.
Grinder hits you.
You die...

#.#....# .......#
.#......### ..........
###.##...## ......)..#
##########)##5...#
#...........@....# #.
#.....[..#.###.#.# .#.
#.......)#.......#
(#.######.########.#...#
......###.# #.#......
.#........# #.#.#####
### ..........# #....
..# .#....###.# ###.#
#.# ..........# #.. #.#


You could see Grinder.

Vanquished Creatures
  2 hounds (D:4)
  Natasha (twice) (D:3)
  A gnoll (D:1)
  3 adders
  A worm (D:2)
  2 dart slugs (D:3)
  An orc (D:4)
  2 bats
  10 endoplasms
  5 giant cockroaches
  5 goblins
  4 hobgoblins
  4 jackals (D:2)
  A quokka (D:1)
  7 ball pythons
  4 frilled lizards
  4 kobolds
  3 rats
61 creatures vanquished.

Notes
Turn   | Place    | Note
-------+----------+-------------------------------------------
     0 | D:1      | 386 the Hill Orc Fighter began the quest for the Orb.
     0 | D:1      | Reached XP level 1. HP: 19/19 MP: 1/1
   145 | D:1      | Reached XP level 2. HP: 24/27 MP: 2/2
   344 | D:1      | Reached XP level 3. HP: 26/33 MP: 3/3
   691 | D:1      | Found a faded altar of an unknown god.
  1105 | D:2      | Reached XP level 4. HP: 39/40 MP: 4/4
  1732 | D:4      | Reached XP level 5. HP: 27/46 MP: 5/5
  1923 | D:3      | Noticed Natasha
  1929 | D:3      | Killed Natasha
  2017 | D:3      | Noticed Natasha
  2049 | D:3      | Killed Natasha
  2050 | D:3      | Reached skill level 1 in Stealth
  2331 | D:3      | Noticed Grinder
  2341 | D:3      | Paralysed by Grinder for 3 turns
  2353 | D:3      | Paralysed by Grinder for 5 turns
  2364 | D:3      | Paralysed by Grinder for 2 turns
  2408 | D:3      | Slain by Grinder

Illustrated notes

Levels and vault maps discovered:
D:1:      kennysheep_arrival_forest, layout_basic, ebering_ecumenical_altar_hall
D:2:      kennysheep_big_flooded_room, layout_rooms, grunt_ministairs_9,
          minmay_tromino_v4_c
D:3:      layout_basic, uniq_natasha, uniq_grinder
D:4:      layout_cave_pools, minmay_temple_entry_offerings

Skill      XL: |  1  2  3  4  5 |
---------------+----------------+-----
Shields        | 4 |  4.2
Axes           | 3 4 |  4.8
Fighting       | 4 |  4.1
Armour         | 4 |  4.4
Stealth        | 1 |  1.0
Throwing       | |  0.9
Dodging        | |  0.5

Action                   |  1- 3 |  4- 6 || total
-------------------------+-------+-------++-------
Melee: War axe           |    76 |   126 ||   202
Throw: Boomerang         |    16 |       ||    16
  Use: Potion            |       |     1 ||     1
Armor: Scale mail        |    43 |    50 ||    93
Dodge: Dodged            |    48 |    52 ||   100
Block: Buckler           |    16 |    33 ||    49
